Map: Ruins of Seras

Players

Elazer - Winner!

  • Race: Zerg Zerg
  • League: Grandmaster

HateMe

  • Race: Zerg Zerg
  • League: Platinum

Event: DreamHack ZOWIE Open Leipzig

VOD

Have the link to the VOD?

Description

Time

  • Played on: Jan. 22, 2016, 8:48 a.m.
  • Length: 7:31

All games in this series

Show
View Real Time Build Order
Export as new Build Order

Elazer Zerg - Winner!

Build Orders: Pool First, Zergling Baneling 

Get SALT Encoding   

  12  0:00  Drone  
  13  0:14  Overlord  
  13  0:17  Drone  
  14  0:32  Drone x2  
  16  0:36  Drone  
  16  0:42  Extractor  
  16  0:48  Spawning Pool  
  15  0:52  Drone  
  16  0:57  Drone  
  17  1:08  Drone  
  18  1:19  Overlord  
  18  1:36  Queen  
  18  1:37  Zergling x2  
  21  1:40  Zergling x2  
  21  1:42  Metabolic Boost  
  22  1:54  Hatchery  
  21  2:03  Baneling Nest  
  21  2:08  Zergling x2  
  21  2:18  Zergling x4  
  23  2:24  Queen  
  25  2:30  Zergling x2  
  26  2:39  Zergling x2  
  25  2:46  Zergling x6  
  25  2:48  Baneling x2  
  28  2:56  Zergling x2  
  29  3:05  Zergling x2  
  25  3:06  Baneling x2  
  25  3:14  Baneling  
  25  3:18  Zergling x6  
  27  3:30  Queen  
  27  3:33  Zergling x4  
  27  3:41  Zergling x4  
  28  3:50  Queen  
  28  3:53  Baneling  
  28  3:54  Baneling  
  30  3:58  Zergling x2  
  30  4:01  Zergling x2  
  31  4:11  Baneling x2  
  31  4:12  Baneling  
  30  4:19  Zergling x4  
  30  4:20  Zergling x2  
  32  4:26  Zergling x4  
  32  4:30  Baneling  
  34  4:42  Zergling x2  
  34  4:43  Zergling x4  
  32  4:46  Zergling x2  
  33  4:56  Drone x3  
  33  4:57  Baneling  
  35  5:01  Baneling x2  
  35  5:18  Overlord  
  32  5:32  Zergling x2  
  32  5:33  Zergling x4  
  32  5:35  Zergling x4  
  32  5:38  Zergling x2  
  32  5:47  Zergling x4  
  34  5:52  Queen  
  34  5:55  Queen  
  38  6:04  Zergling x4  
  38  6:10  Zergling x4  
  38  6:18  Zergling x2  
  38  6:19  Zergling x2  
  38  6:22  Zergling x2  
  37  6:26  Baneling x2  
  37  6:31  Zergling x6  
  40  6:42  Zergling x2  
  40  6:43  Zergling x4  
  42  6:49  Zergling x4  
  42  6:50  Baneling x2  
  44  6:58  Baneling x3  
  42  7:07  Baneling  
  40  7:08  Zergling x8  
  40  7:12  Zergling x2  
Show
View Real Time Build Order
Export as new Build Order

HateMe Zerg 

Build Orders: Pool Only, Zergling Baneling 

Get SALT Encoding   

  12  0:01  Drone  
  13  0:15  Extractor  
  12  0:25  Spawning Pool  
  11  0:29  Drone  
  11  0:34  Drone  
  13  0:39  Drone  
  14  0:51  Overlord  
  14  1:12  Queen  
  14  1:13  Zergling x2  
  14  1:14  Zergling x2  
  18  1:23  Metabolic Boost  
  18  1:29  Zergling x2  
  19  1:34  Zergling x2  
  20  1:44  Baneling Nest  
  19  1:52  Overlord  
  19  1:57  Zergling x2  
  20  2:05  Zergling x2  
  21  2:12  Zergling x2  
  22  2:20  Zergling x6  
  25  2:30  Baneling  
  25  2:33  Zergling x2  
  25  2:36  Zergling x2  
  27  2:41  Zergling x2  
  26  2:46  Baneling x2  
  26  2:53  Zergling x4  
  28  3:00  Zergling x2  
  24  3:07  Zergling x4  
  25  3:17  Baneling x2  
  25  3:18  Zergling x2  
  25  3:25  Zergling x2  
  22  3:39  Zergling x4  
  22  3:45  Zergling x4  
  22  3:46  Baneling x2  
  23  3:51  Zergling x2  
  24  3:59  Baneling  
  24  4:00  Zergling x2  
  25  4:16  Zergling x2  
  23  4:17  Zergling x4  
  23  4:20  Baneling  
  24  4:25  Zergling x2  
  25  4:34  Zergling x2  
  24  4:46  Zergling x2  
  24  4:50  Zergling x6  
  27  4:56  Zergling x2  
  22  5:05  Zergling x2  
  23  5:12  Baneling x2  
  22  5:16  Zergling x2  
  22  5:19  Zergling x4  
  22  5:20  Zergling x2  
  23  5:35  Zergling x2  
  24  5:46  Baneling x2  
  23  5:50  Zergling x4  
  23  5:51  Zergling x4  
  27  5:57  Zergling x2  
  27  6:16  Zergling x4  
  25  6:23  Zergling x6  
  28  6:31  Zergling x2  
  25  6:40  Zergling x2  
  25  6:52  Zergling x2  
  26  6:54  Baneling x2  
  26  6:56  Baneling  
  26  6:57  Baneling  
  26  7:00  Zergling x4  

Tags
 
Add a new tag
Caveats
  • Supply blocks, unpowered buildings, or Contaminate may cause inaccurate times.
  • Supply counts are checked every 10 seconds.